 Dungeon Crawl Stone Soup version 0.21.1-1-g345015fe64 (webtiles) character file.

24 Kohma the Grave Robber (level 2, 0/19 HPs)
             Began as a Mummy Necromancer on June 8, 2018.
             Slain by a bullfrog (4 damage)
             ... on level 2 of the Dungeon.
             The game lasted 00:04:23 (1087 turns).

Kohma the Grave Robber (Mummy Necromancer)          Turns: 1087, Time: 00:04:23

Health: 0/19       AC:  2    Str: 11    XL:     2   Next: 79%
Magic:  1/6        EV: 12    Int: 14    God:
Gold:   57         SH:  0    Dex: 12    Spells: 5/7 levels left

rFire    x . .     SeeInvis .   f - +0 dagger
rCold    + + .     Gourm    .   (no shield)
rNeg     + + +     Faith    .   a - +0 robe
rPois    ∞         Spirit   .   (no helmet)
rElec    .         Reflect  .   (no cloak)
rCorr    .         Harm     .   (no gloves)
MR       .....                  (no boots)
Stlth    ++........             (no amulet)
HPRegen  0.06/turn              h - ring of protection from cold
MPRegen  0.10/turn              (no ring)

@: no status effects
A: no food or potions, fire vulnerability, cold resistance 1, negative energy
resistance 3, torment resistance, unbreathing
a: no special abilities


You were on level 2 of the Dungeon.
You were not hungry.

You visited 1 branch of the dungeon, and saw 2 of its levels.

You collected 57 gold pieces.

Inventory:

Hand Weapons
 c - a +0 whip
 f - a +0 dagger (weapon)
 g - a +0 hunting sling of flaming
Missiles
 e - 92 stones (quivered)
Armour
 a - a +0 robe (worn)
Jewellery
 h - a ring of protection from cold (left hand)
Scrolls
 d - 5 scrolls of identify {unknown}
 i - a scroll of blinking {unknown}
 j - a scroll of enchant weapon {unknown}
Books
 b - a book of Necromancy

   Spells                             Type                      Level
   a - Pain                           Necromancy                   1
   b - Animate Skeleton               Necromancy                   1
   c - Vampiric Draining              Necromancy                   3
   d - Regeneration                   Charms/Necromancy            3
   e - Animate Dead                   Necromancy                   4
   f - Borgnjor's Vile Clutch         Necromancy/Earth             5


   Skills:
 + Level 1.9 Dodging
 + Level 2.0 Stealth
 + Level 3.1 Spellcasting
 + Level 4.2 Necromancy


You had 5 spell levels left.
You knew the following spells:

 Your Spells              Type           Power        Failure   Level  Hunger
a - Pain                  Necr           ##..         3%          1    N/A
b - Animate Skeleton      Necr           N/A          3%          1    N/A

Dungeon Overview and Level Annotations

Branches:
Dungeon (2/15)

Altars:
Elyvilon


Innate Abilities, Weirdness & Mutations

You do not eat or drink.
Your flesh is vulnerable to fire.
You are immune to poison.
Your flesh is cold resistant. (rC+)
You are immune to negative energy. (rN+++)
You are immune to unholy pain and torment.
You can survive without breathing.


Message History

Aiming: Pain
Press: ? - help, Shift-Dir - straight line, f - hobgoblin
Aim: a hobgoblin, wielding a club (chance to defeat MR: 85%)
The hobgoblin writhes in agony!
The hobgoblin barely misses you.
Casting: Pain
Confirm with . or Enter, or press ? or * to list all spells.
You don't have enough magic to cast that spell.
Unknown command.
The hobgoblin hits you with a club. The hobgoblin hits you with a club.
Found a scroll labeled ZOISUWN TILEFU.
You hit the hobgoblin.
You kill the hobgoblin!
You hit the bullfrog but do no damage. The bullfrog barely misses you.
The bullfrog hits you.
* * * LOW HITPOINT WARNING * * *
Your rat skeleton closely misses the bullfrog.
Your rat skeleton bites the bullfrog.
The bullfrog hits you.
You die...

## ## #.
.. #.##.
## #...
... #..#
##.## #.@#
...?.
##F#......
#.#......
#ZZ..._..
#.#......
#.#......
#.# ?....
#.####.##
##........
.#


You could see a bullfrog and 2 friendly rat skeletons.

Vanquished Creatures
  A dart slug (D:1)
  A leopard gecko (D:1)
  3 giant cockroaches
  3 goblins (D:1)
  3 hobgoblins
  A bat (D:1)
  3 frilled lizards (D:1)
  A kobold (D:1)
  4 rats
20 creatures vanquished.

Vanquished Creatures (collateral kills)
  A rat (D:1)
1 creature vanquished.

Grand Total: 21 creatures vanquished

Notes
Turn   | Place    | Note
-------+----------+-------------------------------------------
     0 | D:1      | Kohma the Mummy Necromancer began the quest for the Orb.
     0 | D:1      | Reached XP level 1. HP: 13/13 MP: 4/4
   115 | D:1      | Learned a level 1 spell: Animate Skeleton
   348 | D:1      | Reached XP level 2. HP: 19/19 MP: 1/5
  1074 | D:2      | Found a white marble altar of Elyvilon.
  1077 | D:2      | Noticed a bullfrog
  1087 | D:2      | Slain by a bullfrog

Skill      XL: |  1  2 |
---------------+-------+-----
Spellcasting   | 3 |  3.1
Stealth        | 2 |  2.0
Dodging        | |  1.9
Necromancy     | |  4.2

Action                   || total
-------------------------++-------
Melee: Unarmed           ||     1
       Dagger            ||    14
 Cast: Pain              ||    33
       Animate Skeleton  ||     8
Armor: Robe              ||     5
Dodge: Dodged            ||    22
